 Dungeon Crawl Stone Soup version 0.28.0-49-g6dfe1f597d (webtiles) character file.

Game seed: 13330876823793545391

2794 AuftragZ the Destroyer (level 9, -6/62 HPs)
             Began as a Demigod Conjurer on May 18, 2022.
             Mangled by a boulder beetle (27 damage)
             ... on level 7 of the Dungeon.
             The game lasted 00:26:04 (7059 turns).

AuftragZ the Destroyer (Demigod Conjurer)           Turns: 7059, Time: 00:26:06

Health: -6/62      AC:  3    Str: 10    XL:     9   Next: 20%
Magic:  4/23       EV: 12    Int: 32    God:
Gold:   288        SH:  0    Dex: 15    Spells: 11/22 levels left

rFire   + . .      SeeInvis .   m - +4 long sword of the Crawling Thing {vorpal, rElec rC+ Str+2 Dex+3}
rCold   + + .      Faith    .   (no shield)
rNeg    . . .      Spirit   .   a - +0 robe
rPois   .          Reflect  .   (no helmet)
rElec   +          Harm     .   o - scarf {rC+ rF+}
rCorr   .          Rampage  .   (no gloves)
Will    .....                   j - +0 pair of boots
Stlth   ++........              c - amulet of the acrobat
HPRegen 0.20/turn               (no ring)
MPRegen 0.18/turn               (no ring)

@: no status effects
A: high MP 1, forlorn, divine attributes
a: no special abilities


You were on level 7 of the Dungeon.
You visited 1 branch of the dungeon, and saw 7 of its levels.

You collected 288 gold pieces.

Inventory:

Hand Weapons
 m - the +4 long sword of the Crawling Thing (weapon) {vorpal, rElec rC+ Str+2 Dex+3}
   (You found it on level 4 of the Dungeon)

   It inflicts extra damage upon your enemies.
   Str:       It affects your strength (+2).
   Dex:       It affects your dexterity (+3).
   rC:        It protects you from cold.
   rElec:     It insulates you from electricity.
Missiles
 d - 7 poisoned darts (quivered)
Armour
 a - a +0 robe (worn)
 j - a +0 pair of boots (worn)
 k - a scarf of shadows
 o - a scarf of resistance (worn)
Jewellery
 c - an amulet of the acrobat (around neck)
Wands
 f - a wand of iceblast (8)
 n - a wand of acid (8)
Scrolls
 e - 2 scrolls of teleportation
 p - a scroll of enchant armour {unknown}
 q - a scroll of fog
 v - a scroll of identify
Potions
 b - a potion of degeneration {unknown}
 g - a potion of curing
 h - 3 potions of might
 i - a potion of heal wounds {unknown}
 l - a potion of flight {unknown}
 r - a potion of magic {unknown}
 s - a potion of cancellation {unknown}
 t - 2 potions of berserk rage
 u - a potion of brilliance {unknown}


   Skills:
 - Level 0.1 Fighting
 * Level 3.4 Long Blades
 - Level 1.0 Throwing
 - Level 1.7 Dodging
 - Level 1.7 Stealth
 * Level 7.0 Spellcasting
 * Level 9.2 Conjurations
 - Level 0.1 Translocations


You had 11 spell levels left.
You knew the following spells:

 Your Spells              Type           Power      Damage    Failure   Level
a - Magic Dart            Conj           100%       1d8       1%          1
b - Searing Ray           Conj           100%       2d8       1%          2
c - Fulminant Prism       Conj/Hex       20%        3d13      6%          4
d - Iskenderun's Mystic   Conj/Tloc      41%        2d9       6%          4

Your spell library contained the following spells:

 Spells                   Type           Power      Damage    Failure   Level
 Dazzling Flash           Conj/Hex       80%        N/A       1%          3
 Blink                    Tloc           24%        N/A       6%          2
 Lesser Beckoning         Tloc           12%        N/A       12%         3
 Portal Projectile        Hex/Tloc       22%        N/A       12%         3
 Manifold Assault         Tloc           12%        N/A       71%         5
 Blade Hands              Tmut           5%         N/A       75%         5
 Excruciating Wounds      Necr           5%         N/A       75%         5


Dungeon Overview and Level Annotations

Branches:
Dungeon (7/15)             Temple (0/1) D:6


Innate Abilities, Weirdness & Mutations

You have an increased reservoir of magic. (+10% MP)
You shall have no god before yourself.
Your divine heritage dramatically boosts your attributes as you level up.


Message History

The searing ray hits the boulder beetle but does no damage.
The boulder beetle is heavily wounded.
The searing ray hits the boulder beetle but does no damage.
The boulder beetle is heavily wounded.
The boulder beetle curls into a ball and begins rolling!
The boulder beetle closely misses you.
The boulder beetle stops rolling and uncurls.
Casting: Searing Ray (safe; 1% risk of failure)
Confirm with . or Enter, or press ? or * to list all spells.
Aiming: Searing Ray (safe; 1% risk of failure)
Press: ? - help, Shift-Dir - straight line, f/p - boulder beetle
Aim: a boulder beetle (heavily wounded, 100% to hit)
The searing ray hits the boulder beetle but does no damage.
The boulder beetle is heavily wounded. (Press . to maintain the ray.)
The boulder beetle bites you but does no damage.
The searing ray hits the boulder beetle but does no damage.
The boulder beetle is heavily wounded.
The boulder beetle bites you!!
The searing ray hits the boulder beetle but does no damage.
The boulder beetle is heavily wounded.
The boulder beetle completely misses you.
The boulder beetle completely misses you.
You hit the boulder beetle but do no damage.
The boulder beetle is heavily wounded.
The boulder beetle bites you!!
The boulder beetle completely misses you.
The boulder beetle curls into a ball and begins rolling!
The boulder beetle completely misses you.
The boulder beetle stops rolling and uncurls.
Casting: Searing Ray (safe; 1% risk of failure)
Confirm with . or Enter, or press ? or * to list all spells.
Aiming: Searing Ray (safe; 1% risk of failure)
Press: ? - help, Shift-Dir - straight line, f/p - boulder beetle
Aim: a boulder beetle (heavily wounded, 100% to hit)
The searing ray hits the boulder beetle!
The boulder beetle is heavily wounded. (Press . to maintain the ray.)
The boulder beetle bites you!!
You die...

#.######.# #.#
#.# ###.# #.#
#..># #.# #.###
#.# #.#
#####.#### #.#
#........#
#.####.####.###
#...@B.# .#
######## .# .#
.# .# ○#


You could see a boulder beetle.

Vanquished Creatures
  Pikel (D:6)
  Maggie (D:6)
  A wyvern (D:6)
  Menkaure (D:4)
  An ice beast (D:7)
  2 centaurs
  2 necrophages
  An ogre (D:6)
  2 phantoms
  A lemure (D:6)
  Blork the orc (D:6)
  A wyvern zombie (D:6)
  A water moccasin zombie (D:6)
  5 scorpions
  A howler monkey (D:6)
  2 bullfrog zombies
  2 hounds
  A jelly (D:5)
  Crazy Yiuf (D:5)
  A gnoll shaman (D:4)
  2 bullfrog skeletons (D:5)
  A centaur skeleton (D:6)
  3 iguanas
  An orc wizard (D:5)
  Natasha (D:3)
  Terence (D:3)
  3 gnolls (D:4)
  4 adders
  2 shadow imps
  2 white imps (D:6)
  3 orcs
  3 ball pythons
  4 bats
  7 endoplasms
  4 giant cockroaches
  4 goblins
  6 hobgoblins
  3 jackals (D:2)
  A quokka (D:4)
  5 frilled lizards
  5 kobolds
  A rat (D:2)
95 creatures vanquished.

Vanquished Creatures (others)
  A ghoul (D:1)
  2 demonspawn (D:1)
  An elf (D:1)
  2 trolls (D:1)
  A spriggan (D:1)
  A human (D:1)
  2 vampires (D:1)
  A tengu (D:1)
  A mummy (D:1)
  10 tentacles (D:1)
22 creatures vanquished.

Grand Total: 117 creatures vanquished

Notes
Turn   | Place    | Note
-------+----------+-------------------------------------------
     0 | D:1      | AuftragZ the Demigod Conjurer began the quest for the Orb.
     0 | D:1      | Reached XP level 1. HP: 14/14 MP: 5/5
     0 | D:1      | Noticed a spriggan
     0 | D:1      | Noticed a ghoul
     0 | D:1      | Noticed a human
     0 | D:1      | Noticed a demonspawn
     0 | D:1      | Noticed a vampire
     0 | D:1      | Noticed a troll
     0 | D:1      | Noticed a kraken
     0 | D:1      | Noticed a tengu
     0 | D:1      | Noticed a demonspawn
     0 | D:1      | Noticed a troll
     0 | D:1      | Noticed a vampire
     0 | D:1      | Noticed an elf
     4 | D:1      | Killed a vampire
     5 | D:1      | Killed a troll
     7 | D:1      | Killed a ghoul
    10 | D:1      | Killed a spriggan
    11 | D:1      | Killed a human
    11 | D:1      | Killed a troll
    12 | D:1      | Killed a demonspawn
    13 | D:1      | Killed a vampire
    16 | D:1      | Killed a demonspawn
    16 | D:1      | Killed a tengu
    19 | D:1      | Killed an elf
   271 | D:1      | Reached skill level 4 in Conjurations
   329 | D:1      | Reached XP level 2. HP: 20/20 MP: 5/7
   339 | D:1      | Learned a level 2 spell: Searing Ray
  1569 | D:2      | Reached XP level 3. HP: 25/26 MP: 5/8
  1904 | D:3      | Noticed Terence
  1915 | D:3      | Killed Terence
  2463 | D:3      | Reached XP level 4. HP: 33/33 MP: 8/10
  2523 | D:3      | Noticed Natasha
  2531 | D:3      | Killed Natasha
  2532 | D:3      | Reached skill level 5 in Conjurations
  2764 | D:4      | Noticed Menkaure
  2767 | D:4      | Noticed a necrophage
  2781 | D:4      | Killed Menkaure
  2782 | D:4      | Reached XP level 5. HP: 26/38 MP: 7/12
  2790 | D:4      | Killed a necrophage
  2791 | D:4      | Reached skill level 1 in Throwing
  2791 | D:4      | Reached skill level 6 in Conjurations
  2791 | D:4      | Reached XP level 6. HP: 18/45 MP: 3/13
  3135 | D:4      | Learned a level 4 spell: Fulminant Prism
  3627 | D:4      | Identified the +4 long sword of the Crawling Thing {vorpal,
                  | rElec rC+ Str+2 Dex+3}
  3652 | D:5      | Entered Level 5 of the Dungeon
  4106 | D:5      | Reached XP level 7. HP: 50/50 MP: 8/16
  4208 | D:5      | Reached skill level 1 in Long Blades
  4397 | D:5      | Reached skill level 7 in Conjurations
  4679 | D:5      | Found a runed translucent door.
  4680 | D:5      | Noticed Crazy Yiuf
  4687 | D:5      | Killed Crazy Yiuf
  5126 | D:6      | Noticed Blork the orc
  5131 | D:6      | Killed Blork the orc
  5250 | D:6      | Reached skill level 5 in Spellcasting
  5353 | D:6      | Noticed a wyvern
  5357 | D:6      | Killed a wyvern
  5358 | D:6      | Reached XP level 8. HP: 44/57 MP: 12/19
  5541 | D:6      | Reached skill level 8 in Conjurations
  5847 | D:6      | Found a staircase to the Ecumenical Temple.
  5937 | D:6      | Noticed Maggie
  5950 | D:6      | Killed Maggie
  6178 | D:6      | Learned a level 4 spell: Iskenderun's Mystic Blast
  6495 | D:7      | Noticed Pikel
  6640 | D:6      | Killed Pikel
  6641 | D:6      | Reached skill level 9 in Conjurations
  6641 | D:6      | Reached XP level 9. HP: 38/62 MP: 19/23
  7023 | D:7      | Noticed a boulder beetle
  7059 | D:7      | Mangled by a boulder beetle

Illustrated notes

Levels and vault maps discovered:
D:1:      nicolae_arrival_kraken_aquarium_a, layout_loops_corners,
          serial_aquarium, aquarium_bridge_square [aquarium_subvault_bridge,
          aquarium_subvault_wall, aquarium_subvault_wall,
          aquarium_subvault_window], aquarium_bridge_straight
          [aquarium_subvault_bridge, aquarium_subvault_balcony,
          aquarium_subvault_bridge, aquarium_subvault_wall],
          aquarium_window_corner, aquarium_window_1, aquarium_view_2b,
          aquarium_balcony_5b, aquarium_pool_split, hangedman_decor_lopped
D:2:      layout_basic, minmay_tromino_mix6
D:3:      layout_loops_ring, mainiacjoe_overflow_alcove_1, uniq_natasha,
          uniq_terence
D:4:      layout_cave_pools, kennysheep_crisscross, uniq_menkaure
D:5:      layout_basic, mainiacjoe_overflow_big_doors, uniq_crazy_yiuf_cottage
D:6:      layout_rooms, minmay_temple_entry_from_below_b, minmay_small_thing,
          uniq_blork_the_orc, uniq_maggie, uniq_prince_ribbit1
D:7:      minmay_polygon_palace, layout_loops_ring, uniq_pikel, uniq_joseph

Skill      XL: |  1  2  3  4  5  6  7  8  9 |
---------------+----------------------------+-----
Conjurations   | 4 5 6 7 9 |  9.2
Spellcasting   | 2 3 4 5 6 7 |  7.0
Throwing       | 1 |  1.0
Long Blades    | 2 3 |  3.4
Fighting       | |  0.1
Dodging        | |  1.7
Stealth        | |  1.7
Translocations | |  0.1

Action                   |  1- 3 |  4- 6 |  7- 9 || total
-------------------------+-------+-------+-------++-------
Melee: Unarmed           |       |     2 |       ||     2
       Long sword        |       |     3 |    13 ||    16
Throw: Dart              |    16 |     4 |       ||    20
 Cast: Magic Dart        |    21 |    21 |    26 ||    68
       Searing Ray       |    21 |    21 |    45 ||    87
       Iskenderun's Myst |       |       |     1 ||     1
  Use: Scroll            |     4 |       |     2 ||     6
       Potion            |       |     1 |     5 ||     6
Armor: Robe              |     1 |     2 |     7 ||    10
Dodge: Dodged            |     8 |    37 |    72 ||   117
